 Dungeon Crawl Stone Soup version 0.29-a0-96-g93358da72b (webtiles) character file.

Game seed: 17970936195841564427

33245 navier the Geomancer (level 13, -17/74 HPs)
             Began as a Gargoyle Earth Elementalist on Feb 9, 2022.
             Was an Elder of Vehumet.
             Demolished by a +1 demon trident of chaos (19 damage)
             ... on level 5 of the Lair of Beasts on Feb 10, 2022.
             The game lasted 03:51:41 (26315 turns).

navier the Geomancer (Gargoyle Earth Elementalist) Turns: 26315, Time: 03:51:42

Health: -17/74     AC: 25    Str:  9      XL:     13   Next: 69%
Magic:  27/35      EV: 11    Int: 24 (26) God:    Vehumet [****..]
Gold:   1335       SH:  0    Dex: 10      Spells: 20/31 levels left

rFire   + . .      SeeInvis .   x - +3 morningstar
rCold   . . .      Faith    .   e - +3 buckler
rNeg    + . .      Spirit   .   Q - +3 ring mail of the Present {rF+ Regen+ Int+4}
rPois   ∞          Reflect  .   Y - +2 helmet
rElec   +          Harm     .   k - +2 cloak
rCorr   .          Rampage  .   (no gloves)
Will    +....                   (no boots)
Stlth   ..........              (no amulet)
HPRegen 1.02/turn               f - ring of magical power
MPRegen 0.24/turn               i - ring of willpower

@: confused, studying Dodging
A: sickness immunity, AC +9, negative energy resistance 1, electricity
resistance, torment resistance 1, petrification resistance, deterioration 1,
weak 1
a: Renounce Religion


You were on level 5 of the Lair of Beasts.
You worshipped Vehumet.
Vehumet was greatly pleased with you.
You visited 3 branches of the dungeon, and saw 19 of its levels.
You visited the Abyss 1 time.

You collected 1335 gold pieces.

Inventory:

Hand Weapons
 b - a +2 mace of draining
 g - a +2 longbow of flaming
 x - a +3 morningstar (weapon)
Missiles
 l - 54 arrows
Armour
 e - a +3 buckler (worn)
 k - a +2 cloak (worn)
 Q - the +3 ring mail of the Present (worn) {rF+ Regen+ Int+4}
   (You found it on level 2 of the Lair of Beasts)

   Int:       It affects your intelligence (+4).
   rF:        It protects you from fire.
   Regen:     It increases your rate of health regeneration.
 Y - a +2 helmet (worn)
Jewellery
 f - a ring of magical power (left hand)
 i - a ring of willpower (right hand)
Wands
 E - a wand of flame (32)
 G - a wand of acid (13)
 M - a wand of charming (6)
 O - a wand of polymorph (13)
 P - a wand of mindburst (9)
 R - a wand of iceblast (13)
Scrolls
 c - 3 scrolls of blinking
 o - a scroll of enchant weapon {unknown}
 p - 2 scrolls of vulnerability {unknown}
 q - 4 scrolls of fear
 u - 2 scrolls of noise {unknown}
 y - 6 scrolls of teleportation
 C - a scroll of magic mapping {unknown}
 H - a scroll of torment {unknown}
 J - 2 scrolls of silence {unknown}
 K - 2 scrolls of amnesia {unknown}
 S - 3 scrolls of fog {unknown}
 W - a scroll of immolation {unknown}
 X - 2 scrolls of summoning {unknown}
Potions
 a - 7 potions of curing
 d - a potion of magic {unknown}
 h - 8 potions of ambrosia
 j - 6 potions of heal wounds
 m - a potion of might
 D - a potion of haste
Miscellaneous
 v - a tin of tremorstones (2/2)
 T - a tin of tremorstones (2/2)


   Skills:
 + Level 6.2 Fighting
 + Level 5.6 Maces & Flails
 + Level 6.3 Armour
 + Level 7.3 Dodging
 - Level 2.6 Stealth
 - Level 4.0 Shields
 + Level 9.8 Spellcasting
 + Level 11.0 Conjurations
 - Level 1.1 Transmutations
 + Level 5.6 Fire Magic
 + Level 13.0 Earth Magic
 + Level 5.2 Evocations


You had 20 spell levels left.
You knew the following spells:

 Your Spells              Type           Power      Damage    Failure   Level
a - Sandblast             Erth           100%       2d20      1%          1
b - Stone Arrow           Conj/Erth      100%       3d13      1%          3
c - Passwall              Tmut/Erth      37%        N/A       1%          2
d - Foxfire               Conj/Fire      100%       2x1d9     1%          1
e - Sticky Flame          Conj/Fire      51%        2d7       1%          4

Your spell library contained the following spells:

 Spells                   Type           Power      Damage    Failure   Level
 Petrify                  Tmut/Erth      45%        N/A       10%         4
 Lightning Bolt           Conj/Air       19%        1d33      13%         5
 Animate Skeleton         Necr           22%        N/A       17%         1
 Pain                     Necr           44%        1d6       17%         1
 Ensorcelled Hibernation  Hex/Ice        22%        N/A       26%         2
 Spider Form              Tmut/Pois      14%        N/A       38%         3
 Airstrike                Air            5%         N/A       38%         4
 Portal Projectile        Hex/Tloc       22%        N/A       45%         3
 Vampiric Draining        Necr           11%        2d6       45%         3
 Anguish                  Hex/Necr       5%         N/A       86%         4
 Summon Ice Beast         Ice/Summ       11%        N/A       86%         4
 Summon Lightning Spire   Summ/Air       11%        N/A       86%         4
 Blade Hands              Tmut           8%         N/A       96%         5
 Excruciating Wounds      Necr           5%         N/A       99%         5
 Summon Mana Viper        Hex/Summ       11%        N/A       99%         5
 Monstrous Menagerie      Summ           5%         N/A       100%        7


Dungeon Overview and Level Annotations

Branches:
Dungeon (12/15)            Temple (1/1) D:7            Lair (6/6) D:10
 Shoals (0/4) Lair:4        Snake (0/4) Lair:2        Slime (0/5) Lair:5
    Orc (0/2) D:12

Altars:
Ashenzari
Cheibriados
Dithmenos
Elyvilon
Fedhas
Gozag
Hepliaklqana
Kikubaaqudgha
Makhleb
Nemelex Xobeh
Okawaru
Qazlal
Ru
Sif Muna
Trog
Uskayaw
Vehumet
Wu Jian
Xom
Yredelemnul
Zin
The Shining One
Jiyva

Annotations:
D:8 2 transporters, exclusion: oklob plant, dohliylev's ghost, novice GrVM
D:12 Rupert
Lair:5 ma3's ghost, journeyman TrCK


Innate Abilities, Weirdness & Mutations

You are immune to sickness and miasma.
Your stone body is resilient. (AC +9)
You are immune to poison.
You resist negative energy. (rN+)
You are resistant to electric shocks. (rElec)
You are resistant to unholy torment.
You are immune to petrification.
Your body sometimes deteriorates upon taking damage.
You are weak. (Str -2)


Message History

Aiming: Stone Arrow (safe; 1% risk of failure)
Press: ? - help, Shift-Dir - straight line, f/p - large abomination
Aim: a large abomination (lightly damaged, 87% to hit)
The stone arrow hits the large abomination.
The large abomination is lightly damaged.
You block ma3's ghost's attack.
The large abomination hits you but does no damage.
You block the +1 demon trident of chaos's attack.
Casting: Stone Arrow (safe; 1% risk of failure)
Confirm with . or Enter, or press ? or * to list all spells.
Aiming: Stone Arrow (safe; 1% risk of failure)
Press: ? - help, Shift-Dir - straight line, f/p - large abomination
Aim: a large abomination (lightly damaged, 87% to hit)
The stone arrow hits the large abomination!
The large abomination is moderately damaged.
The +1 demon trident of chaos hits you but does no damage.
You are confused.
Ma3's ghost hits you but does no damage.
You're too confused to cast spells.
Unknown command.
You bump into the translucent stone wall.
The +1 demon trident of chaos hits you from afar!
The large abomination hits you!!
You hit the large abomination but do no damage.
The large abomination is moderately damaged.
Ma3's ghost sneers, "Only the weak need weapons."
Ma3's ghost hits you but does no damage.
The +1 demon trident of chaos hits you from afar!
* * * LOW HITPOINT WARNING * * *
The +1 demon trident of chaos freezes you!
* * * LOW HITPOINT WARNING * * *
The large abomination completely misses you.
The +1 demon trident of chaos hits you but does no damage.
You feel yourself slow down.
The +1 demon trident of chaos hits you from afar.
* * * LOW HITPOINT WARNING * * *
Ma3's ghost hits you.
* * * LOW HITPOINT WARNING * * *
The +1 demon trident of chaos hits you from afar!!
You die...

........#...........#............
..#........8........#...........P
...##..............#.............
....##..8..<..8..##.....P........
.....##..........#.....P##......#
......##...8....#......# ####...#
....P..#......##.#.....#######..#
#P.##..####+..####.........#....#
....#...#....#..@......##........
...##...#.........###.###...#...#
...###.##8.<.8#.W(#.#####..###...
#####..##.....#.X.'_.# #...P##..P
######..##.8.##...#$#####'###...#
#P##.....#####....###..#..###...#
P......................P..†#....#
...†...................P...>.....
................................#


You could see a large abomination, a +1 demon trident of chaos and ma3's ghost.

Vanquished Creatures
  Nessos (Lair:5)
  3 hydras
  A catoblepas (Lair:3)
  3 two-headed ogres
  An orb spider (shapeshifter) (D:8)
  2 manticores (D:11)
  A cyclops (D:11)
  4 elephants (Lair:5)
  5 black mambas
  A merfolk siren (Lair:4)
  A gargoyle (D:8)
  A rime drake (Lair:5)
  9 komodo dragons
  8 cane toads
  A troll (D:11)
  2 polar bears
  15 blink frogs
  7 dream sheep (Lair:4)
  4 wyverns
  A shadow (D:11)
  Grum (D:8)
  36 yaks
  A steam dragon (D:7)
  4 acid dragons
  14 water moccasins
  3 nagas (Lair:2)
  5 orc warriors
  2 black bears
  A hornet zombie (D:7)
  4 ogres
  12 wolves
  10 centaurs
  11 bullfrogs
  2 scorpions
  2 gnoll sergeants
  2 water moccasin skeletons
  An electric eel (D:9)
  2 howler monkeys (D:8)
  4 centaur zombies
  A centaur skeleton (D:5)
  8 orc priests
  A bullfrog skeleton (D:4)
  2 hounds
  3 jellies
  4 iguanas
  10 orc wizards
  3 killer bee zombies
  A howler monkey zombie (D:5)
  A howler monkey skeleton (D:5)
  9 gnolls
  4 adders
  A white imp (D:2)
  2 ufetubi
  2 adder skeletons
  3 worms
  2 dart slugs
  28 orcs
  13 endoplasms
  A giant cockroach (D:1)
  7 goblins
  13 hobgoblins
  5 jackals
  3 quokkas
  4 ball pythons
  6 bats
  3 frilled lizards
  5 kobolds
  8 rats
  A bush (D:3)
342 creatures vanquished.

Vanquished Creatures (others)
  40 fungi
  79 plants
119 creatures vanquished.

Grand Total: 461 creatures vanquished

Notes
Turn   | Place    | Note
-------+----------+-------------------------------------------
     0 | D:1      | navier the Gargoyle Earth Elementalist began the quest for
                  | the Orb.
     0 | D:1      | Reached XP level 1. HP: 10/10 MP: 3/3
   243 | D:1      | Reached skill level 1 in Transmutations
   243 | D:1      | Reached XP level 2. HP: 15/15 MP: 1/5
   664 | D:1      | Found a faded altar of an unknown god.
   989 | D:1      | Reached XP level 3. HP: 19/19 MP: 6/6
   993 | D:1      | Learned a level 3 spell: Stone Arrow
  1019 | D:1      | Reached skill level 4 in Earth Magic
  1926 | D:2      | Reached XP level 4. HP: 24/24 MP: 8/8
  2906 | D:3      | Identified the +2 ring mail "Hetieqoss" {Harm}
  3876 | D:3      | Found a white marble altar of Elyvilon.
  3876 | D:3      | Found a shimmering altar of Xom.
  4360 | D:4      | Reached skill level 1 in Conjurations
  4360 | D:4      | Reached skill level 5 in Earth Magic
  4360 | D:4      | Reached XP level 5. HP: 28/28 MP: 9/9
  4953 | D:4      | Found a hide-covered altar of Uskayaw.
  4957 | D:5      | Entered Level 5 of the Dungeon
  4957 | D:5      | Found a broken altar of Ashenzari.
  4987 | D:4      | Reached XP level 6. HP: 32/32 MP: 6/11
  5315 | D:4      | Found Taulifysh's General Store.
  6090 | D:4      | Reached skill level 6 in Earth Magic
  6352 | D:5      | Reached XP level 7. HP: 31/36 MP: 13/13
  7186 | D:5      | Reached skill level 7 in Earth Magic
  7613 | D:6      | Reached skill level 5 in Spellcasting
  7613 | D:6      | Reached XP level 8. HP: 41/41 MP: 14/15
  7848 | D:6      | Reached skill level 5 in Conjurations
  7869 | D:6      | HP: 1/41 [something/puff of flame (8)]
  8487 | D:6      | Reached skill level 8 in Earth Magic
  8786 | D:6      | Learned a level 2 spell: Passwall
  9283 | D:7      | Found an ancient bone altar of Kikubaaqudgha.
  9432 | D:7      | Reached XP level 9. HP: 45/45 MP: 18/18
  9992 | D:7      | Reached skill level 9 in Earth Magic
 10328 | D:7      | Found a staircase to the Ecumenical Temple.
 10341 | Temple   | Entered the Ecumenical Temple
 10431 | Temple   | Became a worshipper of Vehumet
 10581 | D:8      | Noticed Grum
 10672 | D:8      | Killed Grum
 10997 | D:8      | Noticed a two-headed ogre
 10998 | D:8      | Noticed a guardian serpent
 11001 | D:8      | Noticed a manticore
 11001 | D:8      | a guardian serpent changed into a manticore
 11004 | D:8      | Killed a two-headed ogre
 11005 | D:8      | Reached skill level 10 in Earth Magic
 11006 | D:8      | Noticed an orb spider
 11006 | D:8      | a manticore changed into an orb spider
 11008 | D:8      | Killed an orb spider
 11009 | D:8      | Reached XP level 10. HP: 40/50 MP: 6/21
 11036 | D:8      | Noticed a two-headed ogre
 11050 | D:8      | Killed a two-headed ogre
 11227 | D:8      | Noticed a gargoyle
 11236 | D:8      | Killed a gargoyle
 11237 | D:8      | Reached skill level 11 in Earth Magic
 11515 | D:8      | Noticed an oklob plant
 11522 | D:8      | Found a transporter.
 12298 | D:8      | Noticed dohliylev's ghost (novice GrVM)
 12320 | D:8      | Found a transporter.
 12838 | D:9      | Reached skill level 1 in Armour
 12890 | D:9      | Reached skill level 1 in Fighting
 12890 | D:9      | Reached skill level 1 in Shields
 12890 | D:9      | Reached skill level 1 in Fire Magic
 12894 | D:9      | Reached skill level 1 in Maces & Flails
 12898 | D:9      | Reached skill level 1 in Evocations
 13288 | D:10     | Entered Level 10 of the Dungeon
 13304 | D:10     | Noticed a two-headed ogre
 13307 | D:10     | Killed a two-headed ogre
 13380 | D:9      | Reached XP level 11. HP: 54/57 MP: 22/23
 14220 | D:11     | Noticed a manticore
 14233 | D:11     | Killed a manticore
 14697 | D:11     | Noticed a cyclops
 14705 | D:11     | Killed a cyclops
 15223 | D:11     | Noticed a manticore
 15229 | D:11     | Killed a manticore
 15394 | D:11     | Found a flickering gateway to a bazaar.
 15669 | D:10     | Found a staircase to the Lair.
 15685 | D:10     | Reached * piety under Vehumet
 15685 | D:10     | Offered knowledge of Foxfire by Vehumet.
 16432 | D:12     | Noticed a centaur warrior
 16432 | D:12     | Noticed a boulder beetle
 16432 | D:12     | Found a staircase to the Orcish Mines.
 16442 | D:12     | Found a basalt altar of Yredelemnul.
 16442 | D:12     | Noticed Rupert
 16755 | D:11     | Learned a level 1 spell: Foxfire
 16875 | Lair:1   | Entered Level 1 of the Lair of Beasts
 17501 | Lair:1   | Noticed a six-headed hydra
 17535 | Lair:1   | Killed a six-headed hydra
 17729 | Lair:1   | Noticed a four-headed hydra
 17746 | Lair:1   | Killed a four-headed hydra
 18062 | Lair:1   | Reached XP level 12. HP: 66/66 MP: 24/24
 18348 | Lair:1   | Reached skill level 5 in Dodging
 19272 | Lair:2   | Reached skill level 12 in Earth Magic
 19330 | Lair:2   | Reached skill level 10 in Conjurations
 19380 | Lair:2   | Identified the +3 ring mail of the Present {rF+ Regen+
                  | Int+4}
 19952 | Lair:2   | Reached ** piety under Vehumet
 20155 | Lair:2   | Found a staircase to the Snake Pit.
 20160 | Lair:2   | Offered knowledge of Scorch by Vehumet.
 20983 | Lair:3   | Noticed a catoblepas
 20983 | Lair:3   | Noticed a seven-headed hydra
 21338 | Lair:3   | Reached skill level 5 in Armour
 21704 | Lair:3   | Offered knowledge of Frozen Ramparts by Vehumet.
 21967 | Lair:3   | Killed a catoblepas
 21968 | Lair:3   | Reached skill level 5 in Fighting
 22320 | Lair:3   | Upgraded the game from 0.29-a0-92-gee772dd00f to
                  | 0.29-a0-96-g93358da72b
 22744 | Lair:4   | Reached XP level 13. HP: 65/72 MP: 22/26
 22889 | Lair:4   | Reached *** piety under Vehumet
 23312 | Lair:4   | Reached skill level 5 in Maces & Flails
 23315 | Lair:4   | Reached skill level 5 in Fire Magic
 23923 | Lair:5   | Offered knowledge of Sticky Flame by Vehumet.
 23960 | Lair:4   | Learned a level 4 spell: Sticky Flame
 24022 | Lair:4   | Found a staircase to the Shoals.
 24436 | Lair:5   | Found a runed translucent door.
 24436 | Lair:5   | Found a shimmering altar of Xom.
 24436 | Lair:5   | Noticed ma3's ghost (journeyman TrCK)
 24996 | Lair:5   | Reached skill level 5 in Evocations
 25068 | Lair:5   | Found a viscous altar of Jiyva.
 25069 | Lair:5   | Found a staircase to the Slime Pits.
 25125 | Lair:6   | Entered Level 6 of the Lair of Beasts
 25622 | Lair:5   | Reached **** piety under Vehumet
 25881 | Lair:5   | Noticed Nessos
 25900 | Lair:5   | Killed Nessos
 25984 | Lair:6   | Reached skill level 13 in Earth Magic
 26199 | Lair:5   | Cast into level 3 of the Abyss (+1 demon trident of chaos)
 26249 | Abyss:3  | Gained mutation: You are weak. (Str -2) [a neqoxec]
 26251 | Abyss:3  | Gained mutation: Your body sometimes deteriorates upon
                  | taking damage. [a neqoxec]
 26299 | Abyss:3  | Noticed a bone dragon
 26306 | Lair:5   | Escaped the Abyss
 26313 | Lair:5   | HP: 2/74 [+1 demon trident of chaos (5)]
 26315 | Lair:5   | Demolished by a +1 demon trident of chaos

Illustrated notes

Levels and vault maps discovered:
D:1:      lemuel_arrival_muddy, layout_rooms, hellmonk_ecumenical_altar_lost_god
D:2:      layout_basic, minmay_quantized
D:3:      layout_loops_ring, gammafunk_temple_overflow_elements, serial_forest,
          infiniplex_forest_corner_1, infiniplex_forest_corner_1,
          infiniplex_forest_lined_4_way, infiniplex_forest_zigzag_1,
          infiniplex_forest_clump_curved, infiniplex_forest_end_3,
          infiniplex_forest_lined_4_way, infiniplex_forest_corner_1,
          infiniplex_forest_lined_room_2, roderic_roman_lattice,
          kennysheep_minor_cross, kennysheep_another_room
D:4:      layout_basic, mainiacjoe_overflow_concentric_impassable, serial_shops,
          shop_coins
D:5:      layout_gridville, mainiacjoe_overflow_cross_hatched
D:6:      layout_rooms, serial_aquarium, aquarium_bridge_square
          [aquarium_subvault_bridge, aquarium_subvault_window,
          aquarium_subvault_bridge, aquarium_subvault_wall],
          aquarium_bridge_straight [aquarium_subvault_bridge,
          aquarium_subvault_window, aquarium_subvault_bridge,
          aquarium_subvault_wall], aquarium_window_1, aquarium_window_fake,
          aquarium_window_fake, aquarium_view_2a, aquarium_view_2c,
          aquarium_balcony_double_1, aquarium_pool_2, minivault_22
D:7:      layout_loops_ring, old_standard_altar,
          minmay_temple_entry_glassed_door
D:8:      hellmonk_destroyed_diamonds, layout_loops_ring, nzn_ghost_randoct,
          enter_bailey_8, minmay_manual_monstrance, uniq_grum
D:9:      layout_loops_ring, serial_bayou_lagoon_a
D:10:     layout_gridville, lair_entry_dummy
D:11:     layout_rooms, serial_shops, bzr_entry_islet, minmay_misc_feat_ornament
D:12:     layout_rooms, serial_shops, nicolae_shop_statue_plus,
          yredelemnul_altar_generic, uniq_rupert
Temple:   minmay_temple_bridge_d
Lair:1:   layout_layer_cave
Lair:2:   layout_gridlike, guppyfry_snake_entry_island,
          nicolae_volcano_entry_s_turn, lemuel_fruit_tree,
          infiniplex_staircase_pool_2
Lair:3:   beast_lair_carwin_large_2, layout_hall_layers
Lair:4:   layout_regular_city, minmay_shoals_entry_lonely_mermaid
Lair:5:   layout_regular_city, slime_altar_1, ebering_ghost_xom,
          grunt_megastairs_3, serial_bayou_shore_b, uniq_nessos
Lair:6:   hangedman_lair_caniforms_friends, layout_long_grid, wormcave,
          patterned_corridor

Skill      XL: |  1  2  3  4  5  6  7  8  9 10 11 12 13 |
---------------+----------------------------------------+-----
Transmutations | 1 |  1.1
Earth Magic    | 4 5 6 7 8 10 11 12 13 | 13.0
Spellcasting   | 3 4 5 6 7 8 9 |  9.8
Conjurations   | 1 2 3 4 6 8 9 10 11 | 11.0
Dodging        | 3 4 6 7 |  7.3
Armour         | 2 3 5 6 |  6.3
Fighting       | 1 3 5 6 |  6.2
Shields        | 2 3 4 |  4.0
Fire Magic     | 1 3 4 5 |  5.6
Maces & Flails | 1 3 4 5 |  5.6
Evocations     | 1 3 4 5 |  5.2
Stealth        | |  2.6

Action                   |  1- 3 |  4- 6 |  7- 9 | 10-12 | 13-15 || total
-------------------------+-------+-------+-------+-------+-------++-------
Melee: Unarmed           |    24 |       |       |       |       ||    24
       Dagger            |    27 |   129 |    18 |     1 |       ||   175
       Hand axe          |     1 |       |       |       |       ||     1
       Punch             |       |     1 |       |       |       ||     1
       Morningstar       |       |       |       |    44 |     5 ||    49
 Cast: Sandblast         |    48 |    25 |       |       |       ||    73
       Stone Arrow       |       |    31 |   113 |   339 |   148 ||   631
       Passwall          |       |       |     4 |     1 |       ||     5
  Use: Scroll            |       |       |       |    15 |     1 ||    16
       Potion            |       |       |       |       |     1 ||     1
 Stab: Sleeping          |     2 |     3 |       |       |       ||     5
Armor: Robe              |    20 |    26 |    12 |    10 |       ||    68
       Acid dragon scale |       |       |       |    24 |       ||    24
       Skin              |       |       |       |     3 |       ||     3
       Ring mail         |       |       |       |    30 |    41 ||    71
Dodge: Dodged            |    27 |    63 |    40 |    89 |    32 ||   251
Block: Buckler           |       |       |       |    26 |    38 ||    64

Table legend: (Time is in decaauts)
 A = Elapsed time spent in this place.
 B = Non-inter-level travel time spent in this place.
 C = Inter-level travel time spent in this place.
 D = Time resting spent in this place.
 E = Time spent auto-exploring this place.
 F = Levels seen in this place.
 G = Mean time per level.
                   A        B        C        D        E       F      G
               +--------+--------+--------+--------+--------+-----+--------+
         Total |  26397 |  14979 |  11418 |  11159 |      0 |  20 | 1319.8 |
       Dungeon |  16757 |   8875 |   7882 |   6807 |      0 |  12 | 1396.4 |
        Temple |    164 |     57 |    107 |      0 |      0 |   1 |  164.0 |
          Lair |   9379 |   5950 |   3429 |   4352 |      0 |   6 | 1563.2 |
         Abyss |     95 |     95 |      0 |      0 |      0 |   1 |   95.0 |
               +--------+--------+--------+--------+--------+-----+--------+

Top non-repeatable levels by time:
  Lair:1: 2256 daAuts
  Lair:2: 1871 daAuts
  Lair:4: 1868 daAuts
     D:4: 1793 daAuts
  Lair:5: 1782 daAuts
     D:3: 1726 daAuts
     D:9: 1716 daAuts
     D:7: 1679 daAuts
     D:8: 1676 daAuts
     D:2: 1567 daAuts
  Lair:3: 1557 daAuts
    D:11: 1554 daAuts
     D:5: 1360 daAuts
     D:6: 1313 daAuts
    D:10: 1201 daAuts
